 Dungeon Crawl Stone Soup version 0.27-a0-965-gbf8bb431c4 (webtiles) character file.

Game seed: 12023729245696370451

2670 Lanoc the Changer (level 9, -7/69 HPs)
             Began as a Demonspawn Transmuter on Apr 12, 2021.
             Was an Elder of Fedhas.
             Splashed by a wight's acid (15 damage)
             ... on level 6 of the Dungeon.
             The game lasted 00:12:13 (7250 turns).

Lanoc the Changer (Demonspawn Transmuter)           Turns: 7250, Time: 00:12:13

Health: -7/69      AC:  5    Str: 17    XL:     9   Next: 37%
Magic:  10/12      EV: 17    Int: 18    God:    Fedhas [****..]
Gold:   357        SH:  0    Dex: 13    Spells: 9/12 levels left

rFire    . . .     SeeInvis .     - Unarmed
rCold    . . .     Faith    .   (no shield)
rNeg     + . .     Spirit   .   y - +3 leather armour {rN+}
rPois    .         Reflect  .   (helmet currently unavailable)
rElec    .         Harm     .   (no cloak)
rCorr    .         Rampage  .   (no gloves)
Will     .....                  (boots currently unavailable)
Stlth    +.........             i - amulet of the acrobat
HPRegen  0.21/turn              e - +6 ring of strength
MPRegen  0.13/turn              f - +4 ring of evasion

@: appendages, wereblooded, corroded
A: horns 2, talons 2, molten scales 2, powered by death 1, spiny 1
a: End Transformation, Renounce Religion, Wall of Briars, Grow Ballistomycete,
Overgrow


You were on level 6 of the Dungeon.
You worshipped Fedhas.
Fedhas was greatly pleased with you.
You had temporarily grown beastly horns.
You visited 1 branch of the dungeon, and saw 6 of its levels.
You also visited: Sewer.

You collected 357 gold pieces.

Inventory:

Armour
 x - a +1 kite shield of reflection
 y - a +3 leather armour of positive energy (worn)
Jewellery
 e - a +6 ring of strength (left hand)
 f - a +4 ring of evasion (right hand)
 i - an amulet of the acrobat (around neck)
Wands
 t - a wand of iceblast (9)
 A - a wand of paralysis (6)
Scrolls
 b - a scroll of holy word {unknown}
 c - a scroll of fog {unknown}
 g - a scroll of fear {unknown}
 m - a scroll of enchant weapon {unknown}
 p - 2 scrolls of summoning {unknown}
 r - 2 scrolls of teleportation {unknown}
 s - a scroll of amnesia {unknown}
 u - a scroll of enchant armour {unknown}
 v - a scroll of magic mapping
 w - a scroll of noise {unknown}
Potions
 a - a potion of degeneration {unknown}
 d - a potion of lignification
 h - a potion of brilliance {unknown}
 j - 2 potions of magic {unknown}
 k - 2 potions of ambrosia {unknown}
 l - 3 potions of heal wounds
 n - 3 potions of haste {unknown}
 o - a potion of attraction {unknown}
 q - a potion of curing {unknown}
 z - a potion of cancellation {unknown}


   Skills:
 + Level 5.6 Fighting
 + Level 5.5 Dodging
 + Level 6.0 Unarmed Combat
 - Level 2.0 Spellcasting
 * Level 7.5 Transmutations


You had 9 spell levels left.
You knew the following spells:

 Your Spells              Type           Power      Damage    Failure   Level
g - Wereblood             Tmut           29%        N/A       1%          2
h - Beastly Appendage     Tmut           58%        N/A       1%          1

Your spell library contained the following spells:

 Spells                   Type           Power      Damage    Failure   Level
 Spider Form              Tmut/Pois      7%         N/A       14%         3
 Magic Dart               Conj           4%         1d3       22%         1
 Hydra Form               Tmut           14%        N/A       26%         5
 Blink                    Tloc           N/A        N/A       32%         2
 Call Imp                 Summ           1%         N/A       32%         2
 Slow                     Hex            1%         N/A       32%         2
 Ice Form                 Ice/Tmut       15%        N/A       43%         4
 Conjure Flame            Conj/Fire      1%         6-21      54%         3
 Mephitic Cloud           Conj/Pois/Air  1%         N/A       54%         3


Dungeon Overview and Level Annotations

Branches:
Dungeon (6/15)              Sewer (visited)
 Temple: D:4-7

Altars:
Fedhas


Innate Abilities, Weirdness & Mutations

You have temporarily grown beastly horns.
You have razor-sharp toenails.
You are mostly covered in molten scales. (AC +3)
You regenerate a little health from kills.
You are partially covered in sharp spines.


Message History

Your blood is infused with primal strength.
A bullfrog skeleton comes into view.
You hit the wight but do no damage. You claw the wight.
Your headbutt misses the wight.
The wight is moderately damaged.
The wight hits you with a +3 scimitar of freezing!
The wight freezes you.
You barely miss the wight. Your headbutt misses the wight.
The wight is moderately damaged.
The wight hits you but does no damage.
You hit the wight. Your kick misses the wight. Your headbutt misses the wight.
The wight is heavily damaged.
The wight closely misses you.
The wight zaps a wand.
The bolt of acid hits you!
You are splashed with acid!
You are too injured to fight recklessly!
You hit the wight. You claw the wight, but do no damage.
The wight is severely damaged.
The wight barely misses you.
You barely miss the wight.
The wight is severely damaged.
The wight misses you.
You barely miss the wight. You claw the wight, but do no damage.
The wight is severely damaged.
The wight closely misses you.
You closely miss the wight. You claw the wight.
The wight is almost destroyed.
The bullfrog skeleton hits you but does no damage.
The wight zaps a wand.
The bolt of acid hits you!
You are splashed with acid!
* * * LOW HITPOINT WARNING * * *
The bullfrog skeleton is struck by your spines.
The bullfrog skeleton misses you. The wight is struck by your spines.
You destroy the wight!
Fedhas accepts your kill.
You punch the wight! You headbutt the wight.
The wight is severely damaged.
The wight zaps a wand.
The bolt of acid hits you!
* * * LOW HITPOINT WARNING * * *
The acid corrodes you!
You are splashed with acid!
You die...
Fedhas appreciates your contribution to the ecosystem.

##### ...# #.####### #
#######........ # #.
#.......#######
...##.####.####..#
......Z..........#######
......)@#######..#......
.#....z.....# #..#.#####
........###.......
...##.>.. ...... ..
#.... ....## . # ......
. ...#### # .### #.


You could see a wight and a bullfrog skeleton.

Vanquished Creatures
  Pikel (D:5)
  Prince Ribbit (D:6)
  Eustachio (D:5)
  2 water moccasins
  A black bear (D:5)
  An ice beast (D:5)
  A hornet zombie (D:5)
  A lemure (D:5)
  A water moccasin zombie (D:5)
  A gnoll sergeant (D:6)
  A scorpion (D:4)
  2 wyvern skeletons (D:5)
  A wight (D:6)
  2 centaur zombies
  5 bullfrog zombies (D:5)
  3 hounds
  4 orc priests
  A jelly (D:4)
  3 bullfrog skeletons
  2 centaur skeletons
  A scorpion zombie (D:5)
  3 iguanas (D:5)
  2 orc wizards
  4 hound zombies (D:5)
  A howler monkey zombie (D:5)
  Robin (D:4)
  4 adders
  7 gnolls
  A white imp (D:5)
  An adder zombie (D:5)
  3 worms
  4 dart slugs
  11 orcs
  4 endoplasms
  2 giant cockroaches
  22 goblins
  7 hobgoblins
  11 jackals
  3 quokkas
  5 ball pythons
  7 bats
  5 frilled lizards
  2 kobolds (D:3)
  A quokka skeleton (D:4)
  8 rats
155 creatures vanquished.

Vanquished Creatures (others)
  A bullfrog skeleton (D:6)
  A shadow imp (D:6)
2 creatures vanquished.

Grand Total: 157 creatures vanquished

Notes
Turn   | Place    | Note
-------+----------+-------------------------------------------
     0 | D:1      | Lanoc the Demonspawn Transmuter began the quest for the
                  | Orb.
     0 | D:1      | Reached XP level 1. HP: 15/15 MP: 3/3
   714 | D:1      | Reached skill level 2 in Transmutations
   881 | D:1      | Gained mutation: You are partially covered in molten
                  | scales. (AC +2) [demonic ancestry]
   881 | D:1      | Reached XP level 2. HP: 21/21 MP: 3/5
  1340 | D:1      | Learned a level 2 spell: Wereblood
  1480 | D:2      | Gained mutation: You are mostly covered in molten scales.
                  | (AC +3) [demonic ancestry]
  1480 | D:2      | Reached XP level 3. HP: 19/26 MP: 2/6
  2677 | D:3      | Gained mutation: You are partially covered in sharp spines.
                  | [demonic ancestry]
  2677 | D:3      | Reached XP level 4. HP: 33/33 MP: 5/7
  2722 | D:3      | Found a faded altar of an unknown god.
  2735 | D:3      | Became a worshipper of Fedhas Madash
  2735 | D:3      | Reached * piety under Fedhas
  2828 | D:3      | Noticed an orc warrior
  3564 | D:3      | Reached skill level 3 in Transmutations
  3591 | D:3      | Mutation became permanent: You have sharp toenails.
                  | [demonic ancestry]
  3591 | D:3      | Gained mutation: You have razor-sharp toenails. [demonic
                  | ancestry]
  3591 | D:3      | Reached XP level 5. HP: 38/38 MP: 4/8
  4305 | D:4      | Gained mutation: You regenerate a little health from kills.
                  | [demonic ancestry]
  4305 | D:4      | Reached XP level 6. HP: 38/46 MP: 7/9
  4404 | D:4      | You fall into a shaft and drop 1 floor!
  4404 | D:5      | Entered Level 5 of the Dungeon
  4408 | D:5      | Reached ** piety under Fedhas
  4415 | D:5      | Reached skill level 4 in Transmutations
  4461 | D:5      | Gained mutation: You have razor-sharp toenails. [demonic
                  | ancestry]
  4461 | D:5      | Reached XP level 7. HP: 52/52 MP: 8/10
  4467 | D:5      | Found a glowing drain.
  4482 | Sewer    | Entered a sewer
  4789 | D:5      | Reached skill level 5 in Transmutations
  5211 | D:4      | Reached XP level 8. HP: 60/60 MP: 11/11
  5321 | D:4      | Noticed Robin
  5324 | D:4      | Reached *** piety under Fedhas
  5333 | D:4      | Killed Robin
  6004 | D:5      | Reached skill level 5 in Unarmed Combat
  6010 | D:5      | Noticed Pikel
  6035 | D:5      | Killed Pikel
  6036 | D:5      | Reached skill level 6 in Transmutations
  6323 | D:5      | Reached skill level 5 in Fighting
  6323 | D:5      | Reached skill level 5 in Dodging
  6367 | D:5      | Reached XP level 9. HP: 66/68 MP: 8/12
  6401 | D:5      | Noticed Eustachio
  6415 | D:5      | Killed Eustachio
  6416 | D:5      | Reached skill level 7 in Transmutations
  7084 | D:6      | Noticed Prince Ribbit
  7103 | D:6      | Killed Prince Ribbit
  7150 | D:6      | Reached **** piety under Fedhas
  7250 | D:6      | Splashed by a wight's acid

Illustrated notes

Levels and vault maps discovered:
D:1:      giann_wishing_wells, layout_basic, minmay_pentomino_w2
D:2:      layout_loops_corners
D:3:      layout_basic, ebering_ecumenical_altar_box, st_stairs_2,
          kennysheep_boxes
D:4:      kennysheep_goblin_castle, layout_loops_cross, minmay_bent
D:5:      layout_cave_pods, cheibrodos_sewer_entry_bend, serial_undead,
          serial_undead_d, serial_undead_c, serial_undead_a, serial_undead_e,
          serial_undead_c, serial_undead_d, uniq_pikel, uniq_eustachio
D:6:      layout_loops_ring, lemuel_old_faithful, uniq_edmund,
          uniq_prince_ribbit1

Skill      XL: |  1  2  3  4  5  6  7  8  9 |
---------------+----------------------------+-----
Transmutations | 2 3 4 5 6 7 |  7.5
Dodging        | 2 3 4 5 |  5.5
Unarmed Combat | 3 4 5 6 |  6.0
Fighting       | 2 3 4 5 |  5.6
Spellcasting   | |  2.0

Action                   |  1- 3 |  4- 6 |  7- 9 || total
-------------------------+-------+-------+-------++-------
Melee: Unarmed           |   117 |    91 |   198 ||   406
       Kick              |    15 |    26 |    62 ||   103
       Headbutt          |    13 |    15 |    31 ||    59
       Punch             |     1 |     1 |     7 ||     9
 Cast: Beastly Appendage |    32 |    19 |    27 ||    78
       Wereblood         |     5 |     8 |    19 ||    32
  Use: Scroll            |       |     6 |       ||     6
       Potion            |       |       |     2 ||     2
Armor: Robe              |    14 |     8 |    26 ||    48
       Leather armour    |       |       |    15 ||    15
Dodge: Dodged            |   103 |    67 |   232 ||   402

Table legend: (Time is in decaauts)
 A = Elapsed time spent in this place.
 B = Non-inter-level travel time spent in this place.
 C = Inter-level travel time spent in this place.
 D = Time resting spent in this place.
 E = Time spent auto-exploring this place.
 F = Levels seen in this place.
 G = Mean time per level.
                   A        B        C        D        E       F      G
               +--------+--------+--------+--------+--------+-----+--------+
         Total |   7235 |   7074 |    161 |    334 |   5680 |   7 | 1033.6 |
       Dungeon |   6997 |   6836 |    161 |    334 |   5474 |   6 | 1166.2 |
         Sewer |    238 |    238 |      0 |      0 |    206 |   1 |  238.0 |
               +--------+--------+--------+--------+--------+-----+--------+

Top non-repeatable levels by time:
     D:5: 1557 daAuts
     D:3: 1453 daAuts
     D:2: 1450 daAuts
     D:4: 1391 daAuts
     D:1: 930 daAuts
   Sewer: 238 daAuts
     D:6: 212 daAuts
